[Event "Titled Tuesday Blitz September 28 2021"]
[White "Astafurov, Arseniy"]
[Black "Andreikin, Dmitry"]
[WhiteFideId "24175218"]
[BlackFideId "4158814"]
[WhiteElo "2163"]
[BlackElo "2736"]
[Result "0-1"]
[Round "01"]
[TimeControl "180+1"]
[Date "2021.09.28"]
[WhiteClock "0:00:02"]
[BlackClock "0:01:08"]

1. c4 e5 2. Nc3 d6 3. Nf3 f5 4. d4 e4 5. Ng5 c6 6. Nh3 Nf6 7. Bg5 Be7 8. e3 O-O 9. Be2 Nbd7 10. O-O h6 11. Bxf6 Nxf6 12. Nf4 Qe8 13. b4 Bd7 14. a4 Qf7 15. b5 Rab8 16. Rb1 g5 17. Nh5 Nxh5 18. Bxh5 Qxc4 19. Rc1 Qb4 20. Be2 d5 21. Qc2 Kg7 22. Rb1 Qa5 23. Rb2 Rfc8 24. bxc6 bxc6 25. Rfb1 Bd6 26. g3 Rxb2 27. Rxb2 Rb8 28. Rxb8 Bxb8 29. Qb3 Qb6 30. Qa3 Qd8 31. a5 Be8 32. Qb4 Bd6 33. Qb7+ Qc7 34. a6 Kf6 35. Na4 f4 36. Nc5 f3 37. Bf1 g4 38. Qa8 Ke7 39. Nb7 Qb8 40. Qxb8 Bxb8 41. h3 h5 42. hxg4 hxg4 43. Nc5 Bd6 44. Nb7 Bd7 45. Na5 Kd8 46. Nb7+ Kc7 47. Na5 Bc8 48. Nb3 Kb6 0-1


[Site "https://www.chess.com"]

[Event "Titled Tuesday Blitz September 28 2021"]
[White "Azarov, Sergei"]
[Black "Ekdyshman, Mikhail"]
[WhiteFideId "13501470"]
[BlackFideId "4149416"]
[WhiteElo "2494"]
[BlackElo "2256"]
[Result "1-0"]
[Round "01"]
[TimeControl "180+1"]
[Date "2021.09.28"]
[WhiteClock "0:00:06"]
[BlackClock "0:00:09"]

1. e4 c5 2. Nf3 d6 3. d4 cxd4 4. Nxd4 Nf6 5. Nc3 a6 6. Bg5 Nbd7 7. f4 e6 8. Qf3 Be7 9. O-O-O Qc7 10. Bd3 b5 11. Rhe1 Bb7 12. Nd5 Nxd5 13. exd5 Bxd5 14. Qxd5 exd5 15. Rxe7+ Kf8 16. Bf5 Rd8 17. Be6 f6 18. Rf7+ Ke8 19. Re1 Qa5 20. Bh4 Ne5 21. fxe5 dxe5 22. Nf5 Rg8 23. Re7+ Kf8 24. Rf7+ Ke8 25. Nxg7+ Rxg7 26. Rxg7 Qb4 27. Rxh7 Rd6 28. Bh3 Qf4+ 29. Kb1 f5 30. g3 Qf2 31. Rxe5+ Kf8 32. Rxf5+ Kg8 33. Rxf2 Kxh7 34. Bf5+ 1-0


[Site "https://www.chess.com"]

[Event "Titled Tuesday Blitz September 28 2021"]
[White "Babazada, Khazar"]
[Black "Chernikov, Vladimir"]
[WhiteFideId "13413554"]
[BlackFideId "14112914"]
[WhiteElo "2315"]
[BlackElo "2067"]
[Result "1-0"]
[Round "01"]
[TimeControl "180+1"]
[Date "2021.09.28"]
[WhiteClock "0:00:56"]
[BlackClock "0:00:53"]

1. e4 d6 2. d4 Nf6 3. Nc3 e5 4. Nf3 Nbd7 5. Bc4 Be7 6. O-O O-O 7. Re1 c6 8. a4 exd4 9. Nxd4 Ne5 10. Ba2 Re8 11. h3 Bf8 12. a5 Ng6 13. Be3 Nxe4 14. Nxe4 Rxe4 15. Bxf7+ Kh8 16. Qf3 d5 17. Bxg6 hxg6 18. Rad1 Bd6 19. c4 Re8 20. cxd5 cxd5 21. Nb5 Be6 22. Bd4 Bf8 23. Qf4 Qxa5 24. Nc7 g5 25. Qe5 Bf7 26. Nxe8 Rxe8 27. Bc3 Rxe5 28. Bxa5 Rxe1+ 29. Rxe1 Bc5 30. Rd1 d4 31. Bd2 Bb3 32. Rc1 b6 33. Bxg5 d3 34. Rc3 Bc2 35. Bd2 Bb4 36. Rc8+ Kh7 37. Bxb4 1-0


[Site "https://www.chess.com"]

[Event "Titled Tuesday Blitz September 28 2021"]
[White "Babiy, Olga"]
[Black "Korobov, Anton"]
[WhiteFideId "14117258"]
[BlackFideId "14105730"]
[WhiteElo "2253"]
[BlackElo "2703"]
[Result "0-1"]
[Round "01"]
[TimeControl "180+1"]
[Date "2021.09.28"]
[WhiteClock "0:00:01"]
[BlackClock "0:00:47"]

1. d4 Nf6 2. Nf3 e6 3. Bf4 b6 4. e3 Bb7 5. h3 c5 6. c3 Nc6 7. Nbd2 Be7 8. Bd3 O-O 9. O-O Rc8 10. Re1 d5 11. Ne5 Nxe5 12. dxe5 Nd7 13. Qh5 f5 14. g4 Qe8 15. Qxe8 Rcxe8 16. gxf5 exf5 17. Bb5 Rd8 18. Nf3 a6 19. Be2 Rfe8 20. c4 Nf8 21. Rad1 Ne6 22. cxd5 Bxd5 23. Rxd5 Rxd5 24. Bc4 Red8 25. Bxd5 Rxd5 26. h4 h6 27. Kf1 c4 28. h5 b5 29. Ke2 b4 30. Rc1 Ra5 31. Rxc4 Rxa2 32. Rc2 b3 33. Rd2 Bb4 34. Rd7 Rxb2+ 35. Kf1 Rc2 36. Rb7 a5 0-1


[Site "https://www.chess.com"]

[Event "Titled Tuesday Blitz September 28 2021"]
[White "Balabayeva, Xeniya"]
[Black "Khusnutdinov, Rustam"]
[WhiteFideId "13719688"]
[BlackFideId "13701703"]
[WhiteElo "1965"]
[BlackElo "2571"]
[Result "0-1"]
[Round "01"]
[TimeControl "180+1"]
[Date "2021.09.28"]
[WhiteClock "0:01:32"]
[BlackClock "0:02:36"]

1. e4 e5 2. Nf3 Nf6 3. Nxe5 d6 4. Nf3 Nxe4 5. Nc3 Nxc3 6. dxc3 Be7 7. Be3 O-O 8. Qd2 Nd7 9. Bd3 Nc5 10. Bxc5 dxc5 11. O-O-O Be6 12. Rhe1 Bxa2 13. b3 c4 14. Bxc4 Ba3# 0-1


[Site "https://www.chess.com"]

[Event "Titled Tuesday Blitz September 28 2021"]
[White "Berezin, Viktor"]
[Black "Maly, Alexey"]
[WhiteFideId "14107872"]
[BlackFideId "14103184"]
[WhiteElo "2310"]
[BlackElo "2250"]
[Result "1/2-1/2"]
[Round "01"]
[TimeControl "180+1"]
[Date "2021.09.28"]
[WhiteClock "0:01:36"]
[BlackClock "0:01:33"]

1. d4 d5 2. c4 dxc4 3. e3 Nf6 4. Nf3 e6 5. Bxc4 a6 6. a4 c5 7. O-O Nc6 8. Nc3 cxd4 9. exd4 Nb4 10. Qe2 Be7 11. Rd1 O-O 12. Bg5 Nfd5 13. Bxe7 Nxe7 14. Ne4 b6 15. Rac1 Bb7 16. Ne5 Nbd5 17. Bd3 Nf4 18. Qe3 Ned5 19. Qg3 Nxd3 20. Qxd3 Qh4 21. g3 Qh3 22. Nf3 Rfd8 23. Qd2 h6 24. Qe2 Qg4 25. Ned2 Nf4 26. Qe3 Nh3+ 27. Kf1 Ng5 1/2-1/2


[Site "https://www.chess.com"]

[Event "Titled Tuesday Blitz September 28 2021"]
[White "Bluebaum, Matthias"]
[Black "Hasman, Cengiz"]
[WhiteFideId "24651516"]
[BlackFideId "413364"]
[WhiteElo "2681"]
[BlackElo "2020"]
[Result "1-0"]
[Round "01"]
[TimeControl "180+1"]
[Date "2021.09.28"]
[WhiteClock "0:01:23"]
[BlackClock "0:00:17"]

1. d4 d6 2. Nf3 Nf6 3. c4 g6 4. Nc3 Bg7 5. e4 O-O 6. Be2 Na6 7. O-O e5 8. Be3 Ng4 9. Bg5 Qe8 10. dxe5 dxe5 11. h3 h6 12. Bd2 Nf6 13. Be3 c6 14. a3 Qe7 15. b4 Nh5 16. c5 Nc7 17. Qd6 Re8 18. Rfd1 Ne6 19. Qxe7 Rxe7 20. g3 a5 21. b5 Nd4 22. Nxd4 exd4 23. Bxd4 Bxh3 24. Bxg7 Nxg7 25. f3 Be6 26. Rd6 Rc8 27. bxc6 bxc6 28. Rb1 Ne8 29. Rd2 Kf8 30. Rb6 Rec7 31. Kf2 Ke7 32. Ra6 Nf6 33. Rxa5 Nd7 34. Rb2 Rb8 35. Rxb8 Nxb8 36. Na4 Nd7 37. Nb6 Rb7 38. Nxd7 Bxd7 39. Ra4 Rb2 40. Ra7 h5 41. a4 g5 42. Ke3 h4 43. gxh4 gxh4 44. Bf1 Rb1 45. Bh3 Rb3+ 46. Kf4 1-0


[Site "https://www.chess.com"]

[Event "Titled Tuesday Blitz September 28 2021"]
[White "Bologan, Victor"]
[Black "Lopez Gracia, Fernando"]
[WhiteFideId "13900048"]
[BlackFideId "2207184"]
[WhiteElo "2511"]
[BlackElo "2392"]
[Result "1-0"]
[Round "01"]
[TimeControl "180+1"]
[Date "2021.09.28"]
[WhiteClock "0:01:51"]
[BlackClock "0:00:35"]

1. e4 e5 2. Nf3 Nc6 3. Bc4 Nf6 4. d3 Bc5 5. c3 d6 6. O-O O-O 7. h3 h6 8. Re1 Be6 9. Bb5 a6 10. Bxc6 bxc6 11. d4 exd4 12. cxd4 Bb4 13. Bd2 Bxd2 14. Nbxd2 d5 15. e5 Nd7 16. Qc2 Rb8 17. Qxc6 Rxb2 18. Nb3 Nb6 19. Nc5 Re8 20. Nxa6 Qa8 21. Qxa8 Rxa8 22. Nxc7 Raxa2 23. Rxa2 Rxa2 24. Rb1 Nc4 25. Rb8+ Kh7 26. Re8 Nd2 27. Nxd2 Rxd2 28. Nxe6 fxe6 29. Rxe6 Rxd4 30. g3 Re4 31. f4 d4 32. Kf2 d3 33. Rd6 g5 34. Kf3 Re1 35. Rxd3 gxf4 36. gxf4 Kg6 37. Rd6+ Kg7 38. Kg4 Rg1+ 39. Kf5 1-0


[Site "https://www.chess.com"]

[Event "Titled Tuesday Blitz September 28 2021"]
[White "Bouget, Alexandre"]
[Black "Zhigalko, Sergei"]
[WhiteFideId "681318"]
[BlackFideId "13502956"]
[WhiteElo "2178"]
[BlackElo "2662"]
[Result "0-1"]
[Round "01"]
[TimeControl "180+1"]
[Date "2021.09.28"]
[WhiteClock "0:00:05"]
[BlackClock "0:01:40"]

1. d4 Nf6 2. c4 e6 3. Nc3 Bb4 4. e3 O-O 5. Bd2 b6 6. Nf3 Bb7 7. Bd3 d5 8. cxd5 exd5 9. O-O Bd6 10. Ne5 c5 11. f4 Nc6 12. Nxc6 Bxc6 13. Be1 Re8 14. Qf3 Ne4 15. Rd1 cxd4 16. exd4 Qf6 17. Bb5 Nxc3 18. Bxc6 Nxd1 19. Bxa8 Qxd4+ 20. Bf2 Nxf2 21. Qxd5 Nh3+ 22. Kh1 Qg1+ 23. Rxg1 Nf2# 0-1


[Site "https://www.chess.com"]

[Event "Titled Tuesday Blitz September 28 2021"]
[White "Brunner, Nicolas"]
[Black "Smirnov, Pavel"]
[WhiteFideId "620246"]
[BlackFideId "4123425"]
[WhiteElo "2372"]
[BlackElo "2563"]
[Result "0-1"]
[Round "01"]
[TimeControl "180+1"]
[Date "2021.09.28"]
[WhiteClock "0:00:01"]
[BlackClock "0:00:26"]

1. d4 Nf6 2. c4 e6 3. g3 d5 4. Nf3 Be7 5. Bg2 O-O 6. O-O c6 7. Qc2 b6 8. b3 Nbd7 9. Bb2 Bb7 10. Nbd2 Rc8 11. e4 c5 12. exd5 exd5 13. Rad1 Re8 14. Qb1 dxc4 15. Nxc4 Be4 16. Qa1 Qc7 17. Nfe5 Bxg2 18. Kxg2 b5 19. Nxd7 Nxd7 20. Ne5 Nxe5 21. dxe5 c4 22. bxc4 Qxc4 23. Qb1 b4 24. Kg1 a5 25. Rc1 Qb5 26. Rfd1 a4 27. Qe4 a3 28. Ba1 b3 29. axb3 Qxb3 30. Rb1 Qc2 31. Qg4 Red8 32. e6 f6 33. h4 a2 34. Rxd8+ Rxd8 35. Rf1 Rb8 36. h5 Rb1 37. h6 g6 38. Qd4 Rxf1+ 39. Kxf1 Qc1+ 40. Kg2 Qc6+ 41. Kh3 Qxe6+ 42. g4 Kf7 43. Qa7 Qd5 44. Kg3 g5 45. f3 Qe6 46. Kg2 Kg6 47. Qf2 Kxh6 48. Qc2 Kg7 49. Qd2 Qc4 50. Qe3 Kf7 51. Qf2 Qb3 52. Qd2 Qe6 53. Qd4 Qe2+ 54. Kg3 Qe5+ 55. Qxe5 fxe5 56. Kf2 Bf6 0-1


[Site "https://www.chess.com"]

[Event "Titled Tuesday Blitz September 28 2021"]
[White "Buscar, Michael"]
[Black "Gabrielian, Artur"]
[WhiteFideId "2603616"]
[BlackFideId "4131002"]
[WhiteElo "2010"]
[BlackElo "2489"]
[Result "0-1"]
[Round "01"]
[TimeControl "180+1"]
[Date "2021.09.28"]
[WhiteClock "0:00:01"]
[BlackClock "0:00:59"]

1. d4 Nf6 2. c4 c5 3. e3 e6 4. Nf3 cxd4 5. exd4 d5 6. Nc3 Bb4 7. Bd3 dxc4 8. Bxc4 O-O 9. O-O a6 10. Bd3 b5 11. Qe2 Bxc3 12. bxc3 Bb7 13. Bg5 Nbd7 14. Ne5 Qc7 15. Nxd7 Nxd7 16. Rac1 Bd5 17. Qh5 g6 18. Qh3 Qc6 19. f4 f5 20. Rf2 Nf6 21. Qh4 Ne4 22. Bxe4 Bxe4 23. Bf6 Rf7 24. Be5 Rc8 25. Re2 Qd5 26. Re3 Qxa2 27. Rg3 Kf8 28. Qh6+ Ke8 29. h4 Qa3 30. Re1 Rxc3 31. Rxc3 Qxc3 32. Rf1 Qg3 33. Rf2 Qg4 34. Ra2 b4 35. h5 Qxh5 36. Qxh5 gxh5 37. Rxa6 Rb7 38. Rxe6+ Kf7 39. Rf6+ Kg8 40. Bd6 b3 0-1


[Site "https://www.chess.com"]

[Event "Titled Tuesday Blitz September 28 2021"]
[White "Chernomordik, Pavel"]
[Black "Nguyen, Ngoc Truong Son"]
[WhiteFideId "2804530"]
[BlackFideId "12401110"]
[WhiteElo "2256"]
[BlackElo "2596"]
[Result "1/2-1/2"]
[Round "01"]
[TimeControl "180+1"]
[Date "2021.09.28"]
[WhiteClock "0:01:05"]
[BlackClock "0:00:28"]

1. e4 e5 2. Nf3 Nc6 3. Bc4 Bc5 4. c3 Nf6 5. d4 exd4 6. e5 d5 7. Bb5 Ne4 8. cxd4 Bb6 9. h3 O-O 10. O-O f6 11. Nc3 fxe5 12. Bxc6 bxc6 13. Nxe5 Ba6 14. Nxe4 dxe4 15. Qb3+ Kh8 16. Rd1 Qd5 17. Be3 Bb7 18. Rac1 a5 19. Qxd5 cxd5 20. Nd7 Rf7 21. Nxb6 cxb6 22. g3 h6 23. Bf4 Kh7 24. Rc7 Rxc7 25. Bxc7 b5 26. Rc1 b4 27. Be5 Rc8 28. Rxc8 Bxc8 29. Kh2 Ba6 30. Bc7 a4 31. Ba5 Bc4 32. Bxb4 Bxa2 33. g4 g5 34. Kg3 Kg6 35. h4 Bc4 36. h5+ Kf7 37. Bd6 Be2 1/2-1/2


[Site "https://www.chess.com"]

[Event "Titled Tuesday Blitz September 28 2021"]
[White "Colijn, Stefan"]
[Black "Cunha, Lucas Aguiar"]
[WhiteFideId "1016199"]
[BlackFideId "2125404"]
[WhiteElo "2305"]
[BlackElo "2361"]
[Result "1-0"]
[Round "01"]
[TimeControl "180+1"]
[Date "2021.09.28"]
[WhiteClock "0:00:24"]
[BlackClock "0:00:05"]

1. d4 Nf6 2. Nf3 c5 3. c3 d5 4. Bf4 Nc6 5. Nbd2 Qb6 6. Qb3 c4 7. Qc2 Bf5 8. Qxf5 Qxb2 9. Rb1 Qxc3 10. g3 e6 11. Qh3 Qc2 12. Bg2 c3 13. O-O cxd2 14. Bxd2 b6 15. Rfc1 Qa4 16. e3 Be7 17. Ng5 O-O 18. Nxe6 Rfc8 19. Nf4 Qxa2 20. Be1 Bd6 21. Ra1 Qb3 22. Rcb1 Qc2 23. Nxd5 Nxd5 24. Bxd5 Qg6 25. Rc1 Bf8 26. Qd7 Ne7 27. Bxa8 Rxa8 28. Rxa7 Rxa7 29. Qxa7 h5 30. Bb4 Qe6 31. Bxe7 Bxe7 32. Qa8+ Kh7 33. Qc6 Qg4 34. Qxb6 h4 35. Qb1+ g6 36. Qb7 Kg7 37. Qxe7 1-0


[Site "https://www.chess.com"]

[Event "Titled Tuesday Blitz September 28 2021"]
[White "Demidov, Mikhail"]
[Black "Atanasov, Anthony"]
[WhiteFideId "4197143"]
[BlackFideId "2623897"]
[WhiteElo "2546"]
[BlackElo "1928"]
[Result "1-0"]
[Round "01"]
[TimeControl "180+1"]
[Date "2021.09.28"]
[WhiteClock "0:00:50"]
[BlackClock "0:00:02"]

1. Nf3 Nf6 2. g3 g6 3. b3 Bg7 4. Bb2 O-O 5. Bg2 d5 6. c4 c6 7. O-O Nbd7 8. Qc2 Re8 9. Nc3 e5 10. cxd5 cxd5 11. Nb5 Re6 12. Qc7 Qe8 13. Nd6 Qf8 14. Ba3 Ne8 15. Nxe8 Qxe8 16. Rac1 e4 17. Ng5 Ra6 18. Bb4 h6 19. Nh3 Be5 20. Qc2 Nf6 21. Nf4 Bf5 22. e3 Qb5 23. Bc3 Rc8 24. Qb2 Rxc3 25. dxc3 g5 26. Ne2 Qa5 27. a4 Rb6 28. Nd4 Bxd4 29. cxd4 Qxa4 30. bxa4 Rxb2 31. Rb1 Ra2 32. Rxb7 Rxa4 33. h3 Kg7 34. Rc1 Ra2 35. Rcc7 Ra1+ 36. Kh2 Be6 37. Rxa7 Rb1 38. Rc6 Kg6 39. Rc2 Rd1 40. Rac7 h5 41. Rc1 Rd2 42. R7c2 Rd3 43. Bf1 Rb3 44. Kg2 h4 45. g4 Rb4 46. Be2 Ra4 47. Rb2 Ra3 48. Kf1 Kg7 49. Ke1 Kg6 50. Kd2 Ra7 51. Rcb1 Ra3 52. Bd1 Ra5 53. Bc2 Ra7 54. f4 gxf4 55. exf4 Kg7 56. f5 Nd7 57. fxe6 fxe6 58. Rb7 1-0


[Site "https://www.chess.com"]

[Event "Titled Tuesday Blitz September 28 2021"]
[White "Eynullayev, Atilla"]
[Black "Oparin, Grigoriy"]
[WhiteFideId "13413570"]
[BlackFideId "24125890"]
[WhiteElo "1997"]
[BlackElo "2604"]
[Result "0-1"]
[Round "01"]
[TimeControl "180+1"]
[Date "2021.09.28"]
[WhiteClock "0:00:16"]
[BlackClock "0:01:22"]

1. Nf3 c5 2. g3 g6 3. Bg2 Bg7 4. O-O Nc6 5. c4 e5 6. Nc3 Nge7 7. d3 O-O 8. a3 d6 9. Rb1 a5 10. Nd5 Nxd5 11. cxd5 Ne7 12. e4 a4 13. b3 axb3 14. Qxb3 Ra7 15. Nd2 Bd7 16. Nc4 Nc8 17. Nb6 f5 18. Nxd7 Qxd7 19. exf5 gxf5 20. f4 b6 21. fxe5 dxe5 22. Bb2 Qd6 23. Rbe1 Re7 24. a4 h5 25. Qc4 Ref7 26. Qh4 Qe7 27. Qxe7 Rxe7 28. Bf3 h4 29. gxh4 Nd6 30. Ra1 e4 31. Bxg7 Rxg7+ 32. Bg2 exd3 33. Rab1 c4 34. Rxb6 Rf6 35. Rc6 Rfg6 36. Rf2 Ne4 37. Rxg6 Rxg6 38. Ra2 d2 39. Ra1 c3 0-1


[Site "https://www.chess.com"]

[Event "Titled Tuesday Blitz September 28 2021"]
[White "Fier, Alexandr"]
[Black "Dudzinski, Pawel"]
[WhiteFideId "2107139"]
[BlackFideId "1117890"]
[WhiteElo "2569"]
[BlackElo "2193"]
[Result "1-0"]
[Round "01"]
[TimeControl "180+1"]
[Date "2021.09.28"]
[WhiteClock "0:00:40"]
[BlackClock "0:00:08"]

1. d4 d5 2. c4 e6 3. Nc3 Nf6 4. cxd5 exd5 5. Bg5 Bb4 6. Qb3 Nc6 7. e3 O-O 8. Nf3 Be6 9. Be2 h6 10. Bxf6 Qxf6 11. O-O Rad8 12. a3 Bd6 13. Qxb7 Ne7 14. Qa6 Bg4 15. Kh1 Rb8 16. Nb5 Rb6 17. Qa4 Bd7 18. Qa5 Rfb8 19. Nxd6 Qxd6 20. b4 Nc6 21. Qc5 Qe6 22. Rfc1 f6 23. Rab1 R8b7 24. Bd1 Ne7 25. Qc3 g5 26. Ne1 a5 27. Nd3 axb4 28. axb4 Qf5 29. Kg1 Qg6 30. Nc5 Bf5 31. Nxb7 Rc6 32. Qb2 Bxb1 33. Qxb1 Rb6 34. Nc5 Qf7 35. Qb3 Nc6 36. b5 Na7 37. Be2 Qe8 38. Qa4 1-0


[Site "https://www.chess.com"]

[Event "Titled Tuesday Blitz September 28 2021"]
[White "Gaehwiler, Gabriel"]
[Black "Idrisov, Ildar F"]
[WhiteFideId "1314530"]
[BlackFideId "4151020"]
[WhiteElo "2320"]
[BlackElo "2209"]
[Result "0-1"]
[Round "01"]
[TimeControl "180+1"]
[Date "2021.09.28"]
[WhiteClock "0:02:20"]
[BlackClock "0:01:42"]

1. d4 d5 2. c4 e6 3. Nf3 Nf6 4. Nbd2 Bd6 5. g3 b6 6. Bg2 Bb7 7. O-O O-O 8. b3 Nbd7 9. Bb2 Ne4 10. Qc2 f5 11. Rac1 Rc8 12. Qb1 Qe7 13. Rfd1 Ba3 14. Qa1 Bxb2 15. Qxb2 Rfd8 16. Ne1 Nxd2 17. Rxd2 Nf6 18. Nd3 Ne4 19. Rdd1 Qf6 20. e3 c6 21. c5 b5 22. Ne5 Ng5 23. f3 Nf7 24. Qc3 Nxe5 25. dxe5 Qe7 26. Qa5 a6 27. Qc3 Qc7 28. Qd4 a5 29. e4 dxe4 30. fxe4 Rxd4 31. Rxd4 Qxe5 32. Rd7 Rc7 33. Rd8+ Kf7 34. exf5 Qe3+ 0-1


[Site "https://www.chess.com"]

[Event "Titled Tuesday Blitz September 28 2021"]
[White "Galego, Luis"]
[Black "Nakamura, Hikaru"]
[WhiteFideId "1900072"]
[BlackFideId "2016192"]
[WhiteElo "2524"]
[BlackElo "2884"]
[Result "0-1"]
[Round "01"]
[TimeControl "180+1"]
[Date "2021.09.28"]
[WhiteClock "0:00:01"]
[BlackClock "0:00:51"]

1. d4 g6 2. h4 Bg7 3. h5 Nf6 4. h6 Bf8 5. Nc3 d5 6. Bg5 e6 7. e4 Be7 8. e5 Nfd7 9. Bxe7 Qxe7 10. Nf3 a6 11. Qd2 c5 12. dxc5 Nc6 13. Qf4 Nxc5 14. O-O-O b5 15. Bd3 Bb7 16. Ne2 O-O 17. Ned4 Nb8 18. Rhe1 Nbd7 19. Kb1 Rac8 20. Ng5 Rce8 21. Qg3 Na4 22. f4 Kh8 23. Re3 Ndc5 24. Be2 b4 25. Nb3 Rc8 26. Nd4 Rc7 27. Qh4 Ne4 28. Bd3 Nec5 29. g4 f6 30. Ngf3 f5 31. Qxe7 Rxe7 32. gxf5 gxf5 33. Ng5 Rg8 34. Rg1 Rg6 35. Reg3 Bc8 36. Nc6 Rc7 37. Nd8 Kg8 38. Ngf7 Rxf7 39. Rxg6+ hxg6 40. Nxf7 Kxf7 41. h7 Kg7 42. Rxg6+ Kxh7 43. Rf6 Kg7 44. a3 Nxd3 45. cxd3 b3 46. d4 Bd7 47. Kc1 Bc8 48. Kb1 Nb6 49. Kc1 Nc4 0-1


[Site "https://www.chess.com"]

[Event "Titled Tuesday Blitz September 28 2021"]
[White "Gallegos Diaz, Carlos Alberto"]
[Black "Manafov, Vugar"]
[WhiteFideId "3900886"]
[BlackFideId "13410814"]
[WhiteElo "2362"]
[BlackElo "2274"]
[Result "0-1"]
[Round "01"]
[TimeControl "180+1"]
[Date "2021.09.28"]
[WhiteClock "0:00:07"]
[BlackClock "0:01:13"]

1. e4 Nf6 2. d3 d5 3. Nd2 e5 4. Ngf3 Nbd7 5. Be2 dxe4 6. dxe4 Be7 7. O-O O-O 8. c3 c6 9. Re1 Qc7 10. Qc2 Re8 11. b4 a5 12. Rb1 axb4 13. cxb4 Nf8 14. Nc4 Ng6 15. h3 b5 16. Ne3 Be6 17. a3 Qb7 18. Nf5 Bf8 19. Bb2 Nd7 20. Rbc1 Rac8 21. Ng5 Nf4 22. Bf1 g6 23. Nxe6 Nxe6 24. Ne3 Nd4 25. Qd1 Bg7 26. f4 exf4 27. Bxd4 Bxd4 28. Qxd4 fxe3 29. Rxe3 Ne5 30. Rec3 Rcd8 31. Qe3 Qd7 32. Be2 Qd2 33. Kf2 h5 34. Qxd2 Rxd2 35. Ke3 Red8 36. R1c2 Rxc2 37. Rxc2 Kf8 38. Rc5 f6 39. a4 bxa4 40. Ra5 Ke7 41. Rxa4 Rb8 42. Ra7+ Kd6 43. Ra4 h4 44. Kd4 g5 45. Kc3 Ng6 46. Ra6 Nf4 47. Bf1 Rc8 48. b5 Kc5 49. b6 Rb8 50. Ra5+ Kxb6 51. Rf5 Rf8 52. e5 Kc7 53. exf6 Rxf6 54. Rxg5 Nd5+ 0-1


[Site "https://www.chess.com"]

[Event "Titled Tuesday Blitz September 28 2021"]
[White "Garv Gaur"]
[Black "Bortnyk, Olexandr"]
[WhiteFideId "45030839"]
[BlackFideId "14120828"]
[WhiteElo "1950"]
[BlackElo "2723"]
[Result "0-1"]
[Round "01"]
[TimeControl "180+1"]
[Date "2021.09.28"]
[WhiteClock "0:01:21"]
[BlackClock "0:00:06"]

1. d4 f5 2. Nf3 Nf6 3. c4 d6 4. g3 g6 5. Bg2 Bg7 6. O-O O-O 7. Nc3 c6 8. d5 e5 9. dxe6 Bxe6 10. b3 Ne4 11. Nxe4 fxe4 12. Nd4 Bf7 13. Rb1 d5 14. Ba3 Re8 15. cxd5 Bxd5 16. Nc2 Nd7 17. Ne3 Ne5 18. Bb2 Qa5 19. Qc2 Rad8 20. Bc3 Qa6 21. Rfd1 Rd7 22. Rd2 Bh6 23. Rbd1 Bxe3 24. fxe3 Ng4 25. Bd4 Rf7 26. h3 Nf6 27. g4 Qa5 28. Rf1 Nd7 29. Rxf7 Kxf7 30. Rd1 Kg8 31. Rf1 Qc7 32. Qd1 a6 33. Qe1 Ne5 34. Qh4 Qe7 35. Qh6 Qg7 36. Qf4 Qe7 37. Qh6 Qg7 38. Qf4 b5 39. b4 Qe7 40. Qh6 Qxb4 41. Qg5 Qe7 42. Qh6 a5 43. g5 a4 44. Rf6 b4 45. h4 Ng4 46. Rxg6+ hxg6 47. Qh8+ Kf7 48. Qh7+ Ke6 49. Qxg6+ Kd7 50. Bh3 Be6 51. Qxe4 Qd6 52. Bxg4 Qg3+ 53. Kh1 Qxg4 54. Qh7+ Re7 55. Qh8 Bd5+ 0-1


[Site "https://www.chess.com"]

[Event "Titled Tuesday Blitz September 28 2021"]
[White "Gennady_Kozlov"]
[Black "Onyshchuk, Volodymyr"]
[BlackFideId "14114038"]
[WhiteElo "2434"]
[BlackElo "2603"]
[Result "0-1"]
[Round "01"]
[TimeControl "180+1"]
[Date "2021.09.28"]
[WhiteClock "0:01:11"]
[BlackClock "0:00:19"]

1. b3 e5 2. Bb2 Nc6 3. e3 g6 4. f4 Bg7 5. Nf3 d6 6. Bb5 Ne7 7. fxe5 O-O 8. O-O dxe5 9. Bxc6 Nxc6 10. e4 f5 11. d3 Be6 12. Nbd2 Qe7 13. Nc4 Bxc4 14. dxc4 Rad8 15. Qe2 Nd4 16. Bxd4 exd4 17. Rae1 Rfe8 18. e5 Bh6 19. Qd3 Be3+ 20. Kh1 c5 21. c3 Rf8 22. cxd4 cxd4 23. Rxe3 dxe3 24. Qxe3 b6 25. h4 Qc5 26. Qh6 Rd7 27. e6 Re7 28. h5 Rg7 29. Rd1 gxh5 30. Rd7 Rxd7 31. exd7 Qe7 32. Qc6 Rd8 33. Qd5+ Qf7 34. Qe5 Rxd7 35. Ng5 Qe7 36. Ne6 Rd1+ 37. Kh2 Qh4# 0-1


[Site "https://www.chess.com"]

[Event "Titled Tuesday Blitz September 28 2021"]
[White "Gevorgyan, Maria"]
[Black "Maze, Sebastien"]
[WhiteFideId "13300270"]
[BlackFideId "613762"]
[WhiteElo "2210"]
[BlackElo "2462"]
[Result "0-1"]
[Round "01"]
[TimeControl "180+1"]
[Date "2021.09.28"]
[WhiteClock "0:01:16"]
[BlackClock "0:01:29"]

1. e4 c5 2. Nc3 Nc6 3. Bb5 Nd4 4. Bc4 e6 5. Nge2 Ne7 6. Nxd4 cxd4 7. Ne2 Nc6 8. d3 a6 9. a4 Bc5 10. O-O Qc7 11. f4 b6 12. Ng3 Bb7 13. Qg4 g6 14. f5 Ne5 15. Qf4 Bd6 16. Bb3 Nxd3 17. Qh4 Nxc1 18. fxe6 dxe6 19. Raxc1 Be7 20. Qh6 Qe5 21. Rf2 Bg5 22. Qh3 Bxc1 23. Ne2 Be3 0-1


[Site "https://www.chess.com"]

[Event "Titled Tuesday Blitz September 28 2021"]
[White "Gritsenko, Nikolai"]
[Black "Kaminski, Victor"]
[WhiteFideId "14112493"]
[BlackFideId "1131630"]
[WhiteElo "2389"]
[BlackElo "2181"]
[Result "0-1"]
[Round "01"]
[TimeControl "180+1"]
[Date "2021.09.28"]
[WhiteClock "0:00:15"]
[BlackClock "0:00:12"]

1. e4 e5 2. Nf3 Nc6 3. Bb5 Nf6 4. d3 Bc5 5. Be3 Bxe3 6. fxe3 Ne7 7. Qc1 O-O 8. O-O c6 9. Ba4 d6 10. Nbd2 Ng6 11. h3 h6 12. Bb3 a5 13. a4 Be6 14. Qe1 Qd7 15. Kh2 Bxb3 16. Nxb3 Nh7 17. g4 Ng5 18. Nxa5 c5 19. b3 d5 20. exd5 Qxd5 21. Ng1 e4 22. Nc4 exd3 23. Rf5 Qd8 24. cxd3 Qxd3 25. Qd1 Qe4 26. Qf1 Rad8 27. Ra2 Nh4 28. Rxc5 f5 29. Qf4 Qb1 30. Rf2 fxg4 31. Qg3 Nhf3+ 32. Nxf3 Nxf3+ 33. Rxf3 gxf3 34. Qf2 Rd1 35. Kg3 Rg1+ 36. Kh4 Qe4+ 37. Kh5 Rf5+ 38. Rxf5 Qxf5+ 39. Kh4 Qg5# 0-1


[Site "https://www.chess.com"]

[Event "Titled Tuesday Blitz September 28 2021"]
[White "Gubanov, Oleg"]
[Black "Moroni, Luca Jr"]
[WhiteFideId "14115115"]
[BlackFideId "865834"]
[WhiteElo "2128"]
[BlackElo "2491"]
[Result "0-1"]
[Round "01"]
[TimeControl "180+1"]
[Date "2021.09.28"]
[WhiteClock "0:00:26"]
[BlackClock "0:01:15"]

1. d4 g6 2. e4 Bg7 3. Nc3 d6 4. Be3 Nf6 5. Qd2 O-O 6. f3 e5 7. Nge2 exd4 8. Nxd4 d5 9. exd5 Nxd5 10. Nxd5 Qxd5 11. c3 Re8 12. Be2 Nc6 13. Nxc6 Qxc6 14. O-O Be6 15. Rfd1 a6 16. Bf2 Bf6 17. Bd3 Rad8 18. Qc2 Bd5 19. Re1 Rxe1+ 20. Bxe1 Bc4 21. Bxc4 Qxc4 22. Bg3 Re8 23. Re1 Rxe1+ 24. Bxe1 Qxa2 25. Bg3 c6 26. h3 Qd5 27. Qe2 Kg7 28. Kh2 h5 29. Qe8 a5 30. Qc8 b5 31. Qc7 a4 32. Qc8 Qe6 33. Qb8 a3 34. Bd6 axb2 0-1


[Site "https://www.chess.com"]